 Dungeon Crawl Stone Soup version 0.16.1-11-g651b585 (webtiles) character file.

31 hulla the Changer (level 3, 0/23 HPs)
             Began as an Octopode Transmuter on Mar 31, 2015.
             Slain by an adder (4 damage)
             ... on level 1 of the Dungeon.
             The game lasted 00:04:45 (1370 turns).

hulla the Changer (Octopode Transmuter)             Turns: 1370, Time: 00:04:46

Health: 0/23       AC:  2    Str:  9    XL:     3   Next: 22%
Magic:  3/6        EV: 25    Int: 16    God:
Gold:   73         SH:  0    Dex: 22    Spells: 3 memorised, 0 levels left

rFire  . . .     SeeInvis .     c - melded +0 dagger (speed)
rCold  . . .     Clarity  .     (shield currently unavailable)
rNeg   . . .     SustAb   .     (helmet currently unavailable)
rPois  x         Gourm    .     (no amulet)
rElec  .         Spirit   .     (no ring)
rCorr  .         Warding  .     (no ring)
rMut   .         Stasis   .     (no ring)
MR     .....                    (no ring)
Stlth  +++.......               (no ring)
                                (no ring)
                                (no ring)
                                (no ring)

@: agile, lethally poisoned (0 -> -7), spider-form, not resistant to hostile
enchantments, fairly stealthy
A: almost no armour, amphibious, 8 rings, (constrict 8), (camouflage 0),
(gelatinous body 0)
a: End Transformation


You were on level 1 of the Dungeon.
You were hungry.
You were a venomous arachnid creature.
You visited 1 branch of the dungeon, and saw 2 of its levels.

You collected 73 gold pieces.

Inventory:

Hand weapons
 c - a +0 dagger of speed (melded)
 j - a +0 whip of venom
Missiles
 b - 50 arrows
 e - 13 stones (quivered)
 k - 29 sling bullets
 m - 13 arrows of dispersal
Scrolls
 g - a scroll of amnesia {unknown}
 h - 2 scrolls of immolation {unknown}
 i - a scroll of enchant armour {unknown}
 o - a scroll of magic mapping {unknown}
Potions
 n - a potion of cancellation {unknown}
Books
 d - a book of Changes

   Spells                             Type                      Level
   a - Beastly Appendage              Transmutation                1
   b - Sticks to Snakes               Transmutation                2
   c - Spider Form                    Transmutation/Poison         3
   d - Ice Form                       Ice/Transmutation            4
   e - Blade Hands                    Transmutation                5
Comestibles
 a - a bread ration
 f - a beef jerky


   Skills:
 - Level 1.0 Fighting
 - Level 2.0 Dodging
 - Level 3.0 Unarmed Combat
 - Level 2.0 Spellcasting
 - Level 3.5 Transmutations
 + Level 0.0 Poison Magic


You couldn't memorise any spells.
You knew the following spells:

 Your Spells              Type           Power        Failure   Level  Hunger
a - Beastly Appendage     Trmt           ##....       17%         1    #......
b - Spider Form           Trmt/Pois      #.........   56%         3    ###....
c - Sticks to Snakes      Trmt           ##........   24%         2    ###....


Dungeon Overview and Level Annotations

Branches:
Dungeon (2/15)

Altars:

Annotations:
D:2 Sigmund


Innate Abilities, Weirdness & Mutations

You cannot wear most types of armour.
You are amphibious.
You can wear up to eight rings at the same time.
((You can use your tentacles to constrict many enemies at once.))
((Your skin changes colour to match your surroundings (Stealth).))
((Your rubbery body absorbs attacks (AC +1).))


Message History

You feel sick. The adder bites you.
* * * LOW HITPOINT WARNING * * *
The adder barely misses you.
You barely miss the adder.
The adder is lightly wounded.
The adder barely misses you. The adder misses you.
You hit the adder.
The adder is poisoned.
The adder is moderately wounded.
* * * LOW HITPOINT WARNING * * *
You feel sick. The adder closely misses you. The adder closely misses you.
The adder closely misses you.
You barely miss the adder.
The adder is moderately wounded.
The adder misses you. The adder closely misses you.
Drink which item? (? for menu, Esc to quit)
It was a potion of agility.
You feel agile all of a sudden.
* * * LOW HITPOINT WARNING * * *
You feel sick. The adder barely misses you. The adder bites you.
You die...

###### #..... #.####
#.#... #.#...
#############.#...
#sS.).............
#S#######.###.#...
##########.# #.#
#.#...
#.......##.#####
#.###.#...
##.####.##.#...#
#.#...#... #.#
#.##.#...###.#...#'##
#.#
#.##.#.....#.#.......
#.#
#.##.#.....#.+.......
#.#
#.##.......###.......


You could see 2 adders.

Vanquished Creatures
  An ooze (D:1)
  3 bats
  2 giant cockroaches (D:1)
  5 goblins (D:1)
  2 hobgoblins
  4 jackals (D:1)
  6 kobolds
  3 rats
26 creatures vanquished.

Notes
Turn   | Place    | Note
--------------------------------------------------------------
     0 | D:1      | hulla, the Octopode Transmuter, began the quest for the Orb.
     0 | D:1      | Reached XP level 1. HP: 13/13 MP: 3/3
    98 | D:1      | Reached XP level 2. HP: 11/18 MP: 4/4
   865 | D:2      | Reached XP level 3. HP: 23/23 MP: 4/6
  1099 | D:2      | Noticed Sigmund
  1143 | D:1      | Learned a level 3 spell: Spider Form
  1146 | D:1      | Learned a level 2 spell: Sticks to Snakes
  1370 | D:1      | Slain by an adder

Action                   || total
-------------------------++-------
Melee: Unarmed           ||    20
       Dagger            ||    69
Throw: Stone             ||    10
 Cast: Beastly Appendage ||     6
       Spider Form       ||     1
  Use: Potion            ||     1
  Eat: Chunk             ||     1
